 Dungeon Crawl Stone Soup version 0.28.0-43-g3370ac3207 (webtiles) character file.

Game seed: 4114231958288905316

60 NinjaNoafa the Vexing (level 4, -1/34 HPs)
             Began as a Gnoll Arcane Marksman on Apr 1, 2022.
             Slain by a hobgoblin (5 damage)
             ... led by Robin
             ... on level 2 of the Dungeon.
             The game lasted 00:07:48 (1923 turns).

NinjaNoafa the Vexing (Gnoll Arcane Marksman)       Turns: 1923, Time: 00:07:50

Health: -1/34      AC:  2    Str:  7    XL:     4   Next: 6%
Magic:  7/8        EV: 13    Int: 14    God:
Gold:   113        SH:  0    Dex: 13    Spells: 7/8 levels left

rFire   . . .      SeeInvis .   a - +0 shortbow
rCold   . . .      Faith    .   (shield currently unavailable)
rNeg    . . .      Spirit   .   d - +0 robe
rPois   .          Reflect  .   (no helmet)
rElec   .          Harm     .   (no cloak)
rCorr   +          Rampage  .   (no gloves)
Will    +....                   (no boots)
Stlth   ++........              (no amulet)
HPRegen 0.11/turn               k - ring of willpower
MPRegen 0.11/turn               n - ring of resist corrosion

@: weak-willed
A: fangs 1, strong nose, distributed training, strong-willed 1, weak 1
a: no special abilities


You were on level 2 of the Dungeon.
You visited 1 branch of the dungeon, and saw 2 of its levels.

You collected 113 gold pieces.

Inventory:

Hand Weapons
 a - a +0 shortbow (weapon)
 h - a +0 spear
Missiles
 c - 6 arrows (quivered ammo)
Armour
 d - a +0 robe (worn)
Jewellery
 k - a ring of willpower (left hand)
 n - a ring of resist corrosion (right hand)
Scrolls
 i - a scroll of enchant armour {unknown}
 l - a scroll of summoning {unknown}
Potions
 j - a potion of might {unknown}
 m - a potion of attraction {unknown}


   Skills:
 + Level 2.7 Fighting
 + Level 1.0 Short Blades
 + Level 1.0 Long Blades
 + Level 1.0 Axes
 + Level 1.0 Maces & Flails
 + Level 1.0 Polearms
 + Level 1.0 Staves
 + Level 1.0 Slings
 + Level 4.6 Bows
 + Level 1.0 Crossbows
 + Level 1.0 Throwing
 + Level 1.0 Armour
 + Level 4.6 Dodging
 + Level 1.0 Stealth
 + Level 1.0 Shields
 + Level 1.0 Unarmed Combat
 + Level 2.9 Spellcasting
 + Level 0.7 Conjurations
 + Level 5.4 Hexes
 + Level 0.7 Summonings
 + Level 0.7 Necromancy
 + Level 0.7 Translocations
 + Level 0.7 Transmutations
 + Level 0.7 Fire Magic
 + Level 0.7 Ice Magic
 + Level 0.7 Air Magic
 + Level 0.7 Earth Magic
 + Level 0.7 Poison Magic
 + Level 1.1 Invocations
 + Level 1.0 Evocations


You had 7 spell levels left.
You knew the following spells:

 Your Spells              Type           Power      Damage    Failure   Level
a - Slow                  Hex            68%        N/A       2%          1

Your spell library contained the following spells:

 Spells                   Type           Power      Damage    Failure   Level
 Shock                    Conj/Air       16%        1d4       16%         1
 Inner Flame              Hex/Fire       10%        N/A       19%         3
 Portal Projectile        Hex/Tloc       20%        N/A       19%         3
 Cause Fear               Hex            8%         N/A       22%         4
 Swiftness                Air            4%         N/A       43%         3
 Airstrike                Air            2%         N/A       85%         4


Dungeon Overview and Level Annotations

Branches:
Dungeon (2/15)

Altars:

Annotations:
D:2 Robin


Innate Abilities, Weirdness & Mutations

You have very sharp teeth.
Your uncanny sense of smell can sniff out nearby items.
Your experience applies equally to all skills.
You are strong-willed. (Will+)
You are weak. (Str -2)


Message History

Robin throws the goblin at you! The goblin closely misses you.
The hobgoblin hits you.
Really attack while wielding your +0 shortbow?
Okay, then.
Okay, then.
As you read the scroll labelled EDGHAEJ VEGO, it crumbles to dust.
You hear a loud clanging noise!
It was a scroll of noise.
You hear an angry hiss.
You hear a shout! x2
The goblin barely misses you.
The goblin unwields a +0 hunting sling.
The goblin wields a +0 dagger.
The goblin closely misses you. The goblin hits you but does no damage.
The hobgoblin hits you. The hobgoblin misses you.
As you read the scroll labelled SOR NEUWKAN, it crumbles to dust.
Magic quickly surges around you.
It was a scroll of vulnerability.
The goblin hits you with a +0 club. The goblin hits you but does no damage.
The goblin hits you with a +0 dagger. The hobgoblin barely misses you.
The hobgoblin hits you.
Fire: 8 arrows
Press: ? - help, Q - select action, (/) - cycle Shift-Dir - straight line, f - goblin, p - hobgoblin
Aim: a goblin, wielding a +0 club (severely wounded, weak-willed, 53% to hit)
You shoot an arrow.
The arrow hits the goblin but does no damage.
The goblin is severely wounded.
The goblin closely misses you. The goblin hits you but does no damage.
The goblin closely misses you. The hobgoblin barely misses you.
The hobgoblin hits you. The goblin hits you with a +0 club.
Fire: 7 arrows
Press: ? - help, Q - select action, (/) - cycle Shift-Dir - straight line, f/p - goblin
Aim: a goblin, wielding a +0 club (severely wounded, weak-willed, 53% to hit)
You shoot an arrow. The arrow hits the goblin.
You kill the goblin!
Robin roars a battlecry!
The goblins go into a battle-frenzy!
The goblin hits you with a +0 dagger.
* * * LOW HITPOINT WARNING * * *
The goblin hits you with a +0 dagger.
* * * LOW HITPOINT WARNING * * *
The hobgoblin misses you. The hobgoblin hits you.
You die...

#..... ####'#### .
#......# (( #......#
...########## #......#
...g........#####......#
......(.....'...'......#
#...(gg...#####......#
#...gg@...# ########
#....gg...# #.........#
#.......$.# #.........#
#########.# .# .#


You could see Robin, 2 hobgoblins and 4 goblins.

Vanquished Creatures
  2 adders (D:2)
  3 bats (D:1)
  An endoplasm (D:1)
  A giant cockroach (D:1)
  10 goblins
  2 hobgoblins
  8 jackals (D:1)
  4 kobolds (D:1)
  3 ball pythons (D:1)
  A frilled lizard (D:1)
  A rat (D:1)
36 creatures vanquished.

Vanquished Creatures (others)
  A fungus (D:2)
  6 plants (D:2)
7 creatures vanquished.

Grand Total: 43 creatures vanquished

Notes
Turn   | Place    | Note
-------+----------+-------------------------------------------
     0 | D:1      | NinjaNoafa the Gnoll Arcane Marksman began the quest for
                  | the Orb.
     0 | D:1      | Reached XP level 1. HP: 17/17 MP: 4/4
   295 | D:1      | Reached XP level 2. HP: 23/23 MP: 5/5
   809 | D:1      | Reached XP level 3. HP: 27/28 MP: 7/7
  1532 | D:2      | Reached skill level 1 in Invocations
  1672 | D:2      | Reached skill level 1 in Short Blades
  1672 | D:2      | Reached skill level 1 in Long Blades
  1672 | D:2      | Reached skill level 1 in Axes
  1672 | D:2      | Reached skill level 1 in Maces & Flails
  1672 | D:2      | Reached skill level 1 in Polearms
  1672 | D:2      | Reached skill level 1 in Staves
  1672 | D:2      | Reached skill level 1 in Slings
  1672 | D:2      | Reached skill level 1 in Crossbows
  1672 | D:2      | Reached skill level 1 in Throwing
  1672 | D:2      | Reached skill level 1 in Armour
  1672 | D:2      | Reached skill level 1 in Stealth
  1672 | D:2      | Reached skill level 1 in Shields
  1672 | D:2      | Reached skill level 1 in Unarmed Combat
  1672 | D:2      | Reached skill level 1 in Evocations
  1908 | D:2      | Reached XP level 4. HP: 34/34 MP: 8/8
  1916 | D:2      | Gained mutation: Your magical capacity is low. (-10% MP)
                  | [potion of mutation]
  1917 | D:2      | Lost mutation: Your magical capacity is low. (-10% MP)
                  | [potion of mutation]
  1917 | D:2      | Gained mutation: You are weak. (Str -2) [potion of
                  | mutation]
  1917 | D:2      | Gained mutation: You are strong-willed. (Will+) [potion of
                  | mutation]
  1917 | D:2      | Noticed Robin
  1923 | D:2      | Slain by a hobgoblin

Illustrated notes

Levels and vault maps discovered:
D:1:      dpeg_arrival_arbitrary_c, layout_basic, st_stairs_4
D:2:      layout_basic, shapermc_ecumenical_altar_mp_ritualfount,
          minmay_3d_cube, uniq_robin, uniq_terence

Skill      XL: |  1  2  3 |
---------------+----------+-----
Invocations    | 1 |  1.1
Short Blades   | 1 |  1.0
Long Blades    | 1 |  1.0
Axes           | 1 |  1.0
Maces & Flails | 1 |  1.0
Polearms       | 1 |  1.0
Staves         | 1 |  1.0
Slings         | 1 |  1.0
Crossbows      | 1 |  1.0
Throwing       | 1 |  1.0
Armour         | 1 |  1.0
Stealth        | 1 |  1.0
Shields        | 1 |  1.0
Unarmed Combat | 1 |  1.0
Evocations     | 1 |  1.0
Fighting       | |  2.7
Bows           | |  4.6
Dodging        | |  4.6
Spellcasting   | |  2.9
Conjurations   | |  0.7
Hexes          | |  5.4
Summonings     | |  0.7
Necromancy     | |  0.7
Translocations | |  0.7
Transmutations | |  0.7
Fire Magic     | |  0.7
Ice Magic      | |  0.7
Air Magic      | |  0.7
Earth Magic    | |  0.7
Poison Magic   | |  0.7

Action                   |  1- 3 |  4- 6 || total
-------------------------+-------+-------++-------
Melee: Spear             |    32 |       ||    32
       Bite              |     1 |       ||     1
       Punch             |     1 |       ||     1
 Fire: Shortbow          |    88 |    10 ||    98
 Cast: Slow              |     2 |       ||     2
  Use: Scroll            |       |     3 ||     3
       Potion            |       |     2 ||     2
Armor: Robe              |     8 |     5 ||    13
Dodge: Dodged            |    58 |    14 ||    72
